 Dungeon Crawl Stone Soup version 0.20.1-1-g8b1a95d66d (webtiles) character file.

4429 Jerry the Cleaver (level 10, -1/120 HPs)
             Began as a Demonspawn Chaos Knight on Nov 20, 2017.
             Slain by a wyvern (7 damage)
             ... on level 10 of the Dungeon.
             The game lasted 00:30:45 (7867 turns).

Jerry the Cleaver (Demonspawn Chaos Knight)         Turns: 7867, Time: 00:30:46

Health: -1/120     AC: 25    Str: 15    XL:     10   Next: 14%
Magic:  10/10      EV:  2    Int: 15    God:    Xom [......]
Gold:   396        SH:  0    Dex: 12    Spells: 6/9 levels left

rFire    . . .     SeeInvis +   y - +3 hand axe
rCold    . . .     Gourm    .   (no shield)
rNeg     + + +     Faith    .   (armour currently unavailable)
rPois    +         Spirit   .   (helmet currently unavailable)
rElec    .         Reflect  .   (cloak currently unavailable)
rCorr    .         Harm     .   (gloves currently unavailable)
MR       .....     Rnd*Rage +   (boots currently unavailable) Stlth +.........NoTele +
                                (no amulet)
Regen    0.0/turn               (no ring)
MPRegen  0.2/turn               w - ring of see invisible

@: tree-form, hasted, very quick
A: berserk 1, powered by death 2, inhibited regeneration, no potion heal 1
a: Renounce Religion


You were on level 10 of the Dungeon.
You worshipped Xom.
You were a very special plaything of Xom.
You were not hungry.
You were a tree.
You visited 1 branch of the dungeon, and saw 11 of its levels.

You collected 396 gold pieces.

Inventory:

Hand Weapons
 t - a +0 war axe
 y - a +3 hand axe (weapon)
 L - a +3 halberd
Armour
 B - the +2 chain mail of Imywoxod (melded) {MR++ Regen+}
   (You found it on level 5 of the Dungeon)

   It affects your resistance to hostile enchantments.
   It increases your rate of regeneration.
 E - the +5 ring mail of Salvation {*Corrode Str+3 Dex+4 SInv}
   (You found it on level 7 of the Dungeon)

   It affects your strength (+3).
   It affects your dexterity (+4).
   It lets you see invisible.
   It may corrode you when you take damage.
 M - the cursed +0 shield "Barchyp" {MR+++ Str-3 SInv Stlth-}
   (You found it on level 9 of the Dungeon)

   It affects your strength (-3).
   It affects your resistance to hostile enchantments.
   It lets you see invisible.
   It makes you less stealthy.
   It has a curse placed upon it.
 N - the +6 scale mail of Kleptomania {rElec rF+++ MR+ Int-4}
   (You found it on level 9 of the Dungeon)

   It affects your intelligence (-4).
   It renders you almost immune to fire.
   It insulates you from electricity.
   It affects your resistance to hostile enchantments.
 O - a cursed +0 cloak (melded)
Jewellery
 f - an uncursed ring of wizardry
 w - a ring of see invisible (right branch)
Wands
 p - a wand of clouds (6/9)
 v - a wand of iceblast (2/15)
 z - a wand of iceblast (9/15)
 D - a wand of flame (19/48)
 F - a wand of paralysis (7/24)
 I - a wand of confusion (15/48)
Scrolls
 e - 3 scrolls of enchant armour
 g - a scroll of identify
 h - 3 scrolls of amnesia
 k - 2 scrolls of teleportation
 m - 2 scrolls of immolation
 r - 2 scrolls of remove curse
 G - a scroll of magic mapping
Potions
 a - a potion of cancellation
 d - a potion of flight
 j - 2 potions of curing
 u - 2 potions of lignification
 x - 3 potions of might
 A - 2 potions of magic
 H - a potion of mutation {unknown}
 K - a potion of resistance {unknown}
Books
 b - a book of Misfortune

   Spells                             Type                      Level
   a - Confusing Touch                Hexes                        1
   b - Confuse                        Hexes                        3
   c - Gell's Gravitas                Translocation                3
   d - Petrify                        Transmutation/Earth          4
   e - Metabolic Englaciation         Hexes/Ice                    5
   f - Yara's Violent Unravelling     Hexes/Transmutation          5
 C - a book of Air

   Spells                             Type                      Level
   a - Shock                          Conjuration/Air              1
   b - Swiftness                      Charms/Air                   2
   c - Static Discharge               Conjuration/Air              3
   d - Airstrike                      Air                          4
   e - Lightning Bolt                 Conjuration/Air              5
Miscellaneous
 o - a phantom mirror
Comestibles
 c - 6 bread rations
 i - 8 meat rations
 n - 4 chunks of flesh
 s - 7 fruits
 J - a royal jelly


   Skills:
 + Level 7.8 Fighting
 * Level 10.0 Axes
 + Level 7.2 Armour
 - Level 0.8 Dodging


You had 6 spell levels left.
You knew the following spells:

 Your Spells              Type           Power        Failure   Level  Hunger
a - Animate Skeleton      Necr           N/A          26%         1    ##.....
b - Apportation           Tloc           #.....       26%         1    ##.....
c - Summon Small Mammal   Summ           #...         26%         1    ##.....


Dungeon Overview and Level Annotations

Branches:
Dungeon (11/15)            Temple (0/1) D:4
   Lair: D:8-11         Orc: D:9-12

Altars:
Xom

Shops:
D:10 [


Innate Abilities, Weirdness & Mutations

((You have sharp fingernails.))
You regenerate health from kills.
((You are mostly covered in sharp spines.))
((You have sharp toenails.))
You tend to lose your temper in combat.
((Your flesh is cold resistant. (rC+)))
You do not regenerate when monsters are visible.
Potions are less effective at restoring your health.


Message History

The orc wizard points at you and mumbles some strange words.
The magic dart hits you!
An orc wizard comes into view. It is wielding a dagger.
You barely miss the wyvern.
The wyvern is lightly wounded.
The wyvern bites you.
* * * LOW HITPOINT WARNING * * *
A centaur comes into view.
You closely miss the wyvern.
The wyvern is lightly wounded.
The centaur shouts!
The wyvern bites you!
* * * LOW HITPOINT WARNING * * *
The centaur moves out of view.
An orc comes into view. It is wielding a dagger.
You hit the wyvern but do no damage.
The wyvern is lightly wounded.
The wyvern bites you!
You die...
Xom snickers!

#...........#
....##########.#
. #.# #.# #.# .
#.# o.. #.#
...o.##########.#
[[.o...♣l.....#.#
#.#.#########.#..


You could see a wyvern, 2 orc wizards and an orc.

Vanquished Creatures
  A cyclops (D:8)
  Maurice (D:9)
  2 wyverns (D:8)
  Grum (D:8)
  The ghost of koes007 the Charlatan, an amateur MiAr of the Shining One (D:4)
  An orc warrior (D:9)
  2 ice beasts
  2 sky beasts
  2 necrophages
  A phantom (D:3)
  An ogre (D:6)
  3 wolves (D:8)
  4 centaurs
  2 bullfrogs
  A wyvern skeleton (D:9)
  A scorpion (D:8)
  3 wights
  A howler monkey (D:8)
  2 crimson imps
  A bullfrog zombie (D:8)
  2 hounds
  2 jellies
  2 orc priests (D:9)
  An iguana (D:6)
  A bullfrog skeleton (D:4)
  5 orc wizards
  3 worker ants
  A hound skeleton (D:8)
  A mummy (D:8)
  A howler monkey skeleton (D:8)
  16 adders
  7 gnolls
  2 oozes
  An adder zombie (D:7)
  An adder skeleton (D:5)
  A worm (D:3)
  A dart slug (D:1)
  7 leopard geckos
  17 orcs
  7 giant cockroaches
  7 goblins
  9 hobgoblins
  16 jackals
  5 quokkas
  3 ball pythons
  12 bats
  6 frilled lizards
  6 kobolds
  10 rats
186 creatures vanquished.

Vanquished Creatures (collateral kills)
  Pikel (D:5)
  A howler monkey (D:5)
  An orc wizard (D:9)
  A shadow imp (D:5)
  An orc (D:5)
5 creatures vanquished.

Vanquished Creatures (others)
  A phantom (D:4)
  A crimson imp (D:5)
  An orc wizard (D:11)
  An adder (D:5)
  A leopard gecko (D:5)
  A withered plant (D:8)
6 creatures vanquished.

Grand Total: 197 creatures vanquished

Notes
Turn   | Place    | Note
-------+----------+-------------------------------------------
     0 | D:1      | Jerry the Demonspawn Chaos Knight began the quest for the Orb.
     0 | D:1      | Reached XP level 1. HP: 18/18 MP: 1/1
    11 | D:1      | XOM: potion effect (heal wounds)
    29 | D:1      | XOM: harmless Conj miscast
    32 | D:1      | Gained mutation: You are partially covered in sharp spines. [demonic ancestry]
    32 | D:1      | Reached XP level 2. HP: 20/24 MP: 2/2
   117 | D:1      | Reached skill level 3 in Axes
   335 | D:1      | Gained mutation: You have sharp fingernails. [demonic ancestry]
   335 | D:1      | Reached XP level 3. HP: 29/29 MP: 3/3
   363 | D:1      | XOM: harmless Pois miscast
   398 | D:1      | XOM: silly message
   459 | D:1      | XOM: silly message
   633 | D:2      | XOM: silly message
   687 | D:2      | XOM: harmless Summ miscast
  1088 | D:2      | Gained mutation: You are mostly covered in sharp spines. [demonic ancestry]
  1088 | D:2      | Reached XP level 4. HP: 31/36 MP: 4/4
  1559 | D:3      | Reached skill level 4 in Axes
  1619 | D:3      | Found a faded altar of an unknown god.
  1624 | D:3      | Reached XP level 5. HP: 31/42 MP: 5/5
  1775 | D:3      | XOM: noise
  1787 | D:3      | XOM: summons friendly quasit
  1880 | D:3      | XOM: harmless Summ miscast
  1953 | D:4      | XOM: noise
  1986 | D:4      | Noticed a phantom
  2005 | D:4      | XOM: fake destruction
  2154 | D:4      | Noticed koes007's ghost (amateur MiAr)
  2208 | D:4      | XOM: smoke on damage
  2211 | D:4      | XOM: swap monsters
  2215 | D:4      | XOM: enchant monster (bad)
  2222 | D:4      | Killed koes007's ghost
  2222 | D:4      | Gained mutation: You regenerate a little health from kills. [demonic ancestry]
  2222 | D:4      | Reached XP level 6. HP: 31/48 MP: 6/6
  2277 | D:4      | Reached skill level 5 in Axes
  2308 | D:4      | Found a staircase to the Ecumenical Temple.
  2400 | D:4      | XOM: severe Tloc miscast
  2404 | D:4      | XOM: enchant monster (bad)
  2557 | D:4      | XOM: 1-stop teleportation journey
  2822 | D:4      | XOM: cast spell 'Summon Butterflies'
  2829 | D:4      | XOM: destruction
  3014 | D:3      | XOM: cleaving
  3020 | D:3      | Reached XP level 7. HP: 44/55 MP: 7/7
  3132 | D:5      | Entered Level 5 of the Dungeon
  3133 | D:5      | Noticed Pikel
  3139 | D:5      | XOM: fog
  3143 | D:5      | Killed Pikel
  3143 | D:5      | Reached skill level 5 in Fighting
  3143 | D:5      | Reached skill level 6 in Axes
  3311 | D:4      | XOM: god gift: phantom mirror
  3435 | D:4      | XOM: god gift: meat ration
  3504 | D:4      | Reached XP level 8. HP: 55/62 MP: 8/8
  3589 | D:5      | Learned a level 1 spell: Animate Skeleton
  3591 | D:5      | Learned a level 1 spell: Apportation
  3593 | D:5      | Learned a level 1 spell: Summon Small Mammal
  3652 | D:5      | XOM: divination: detect creatures
  3773 | D:5      | Gained mutation: Your flesh is cold resistant. (rC+) [mutagenic meat]
  3774 | D:5      | Gained mutation: You tend to lose your temper in combat. [mutagenic meat]
  3775 | D:5      | Gained mutation: You are frail. (-10% HP) [mutagenic meat]
  3776 | D:5      | Gained mutation: You do not regenerate when monsters are visible. [mutagenic meat]
  3777 | D:5      | Lost mutation: You are frail. (-10% HP) [mutagenic meat]
  3947 | D:5      | Reached skill level 7 in Axes
  3947 | D:5      | Reached skill level 5 in Armour
  3949 | D:5      | XOM: cloud trail
  4289 | D:5      | XOM: polymorph freed slave -> centaur
  4322 | D:5      | XOM: confuse monster(s)
  4390 | D:5      | Got a crude chain mail
  4401 | D:5      | Identified the +2 chain mail of Imywoxod {MR++ Regen+} (You found it on level 5 of the Dungeon)
  4939 | D:6      | XOM: enchant monster (bad)
  5546 | D:6      | Gained mutation: Potions are less effective at restoring your health. [mutagenic meat]
  5547 | D:6      | Gained mutation: You have sharp toenails. [mutagenic meat]
  5594 | D:7      | XOM: confusion
  5601 | D:7      | Reached skill level 8 in Axes
  5726 | D:7      | Got an ancient ring mail
  5834 | D:7      | XOM: mild Tmut miscast
  5909 | D:7      | XOM: god gift: emerald potion {god gift}
  5913 | D:7      | Identified the +5 ring mail of Salvation {*Corrode Str+3 Dex+4 SInv} (You found it on level 7 of the Dungeon)
  5955 | D:7      | Reached XP level 9. HP: 63/69 MP: 9/9
  6467 | D:8      | Noticed a cyclops
  6474 | D:8      | XOM: mild Chrm miscast
  6476 | D:8      | Killed a cyclops
  6568 | D:8      | Reached skill level 9 in Axes
  6723 | D:8      | XOM: noise
  6763 | D:8      | XOM: noise
  6803 | D:8      | Noticed Grum
  6809 | D:8      | XOM: summons friendly crimson imp
  6814 | D:8      | Killed Grum
  6816 | D:8      | XOM: harmless Erth miscast
  6822 | D:8      | HP: 2/70 [wolf[Grum] (6)]
  7289 | D:8      | XOM: noise
  7410 | D:9      | Gained mutation: You regenerate health from kills. [demonic ancestry]
  7410 | D:9      | Reached XP level 10. HP: 60/79 MP: 10/10
  7439 | D:9      | XOM: summons friendly iron imp
  7498 | D:9      | Got an ichor-stained shield
  7499 | D:9      | Identified the cursed +0 shield "Barchyp" {MR+++ Str-3 SInv Stlth-} (You found it on level 9 of the Dungeon)
  7659 | D:9      | Noticed Maurice
  7660 | D:9      | Got a warped scale mail
  7668 | D:9      | Killed Maurice
  7668 | D:9      | Reached skill level 10 in Axes
  7707 | D:9      | Identified the +6 scale mail of Kleptomania {rElec rF+++ MR+ Int-4} (You found it on level 9 of the Dungeon)
  7743 | D:9      | XOM: scenery: create altars
  7753 | D:9      | You fall through a shaft!
  7753 | D:10     | Entered Level 10 of the Dungeon
  7759 | D:10     | Found Uxza Nur's Antique Armour Emporium.
  7761 | D:10     | You fall through a shaft!
  7761 | D:11     | Noticed a two-headed ogre
  7767 | D:11     | XOM: harmless Erth miscast
  7775 | D:11     | Noticed a centaur warrior
  7777 | D:11     | XOM: scenery: create altars
  7780 | D:11     | XOM: medium Air miscast
  7809 | D:11     | XOM: confusion
  7823 | D:11     | Noticed a two-headed ogre
  7848 | D:11     | XOM: scenery: create altars
  7866 | D:10     | HP: 6/120 [wyvern (8)]
  7867 | D:10     | Slain by a wyvern

Skill      XL: |  1  2  3  4  5  6  7  8  9 10 |
---------------+-------------------------------+-----
Armour         | 2 3 4 5 7 |  7.2
Axes           | 3 4 5 6 8 9 10 | 10.0
Fighting       | 4 5 6 7 |  7.8
Dodging        | |  0.8

Action                   |  1- 3 |  4- 6 |  7- 9 | 10-12 || total
-------------------------+-------+-------+-------+-------++-------
Melee: Hand axe          |    91 |    27 |   235 |    41 ||   394
       War axe           |       |    79 |    25 |       ||   104
       Kick              |       |       |    49 |    12 ||    61
 Cast: Summon Small Mamm |       |       |     7 |       ||     7
       Animate Skeleton  |       |       |     3 |       ||     3
Evoke: Wand              |       |       |       |     1 ||     1
  Use: Scroll            |       |    10 |     8 |     4 ||    22
       Potion            |       |     1 |     2 |     5 ||     8
 Stab: Confused          |       |       |     3 |       ||     3
  Eat: Chunk             |     1 |     5 |    17 |     2 ||    25
       Royal jelly       |       |       |     2 |       ||     2
       Fruit             |       |       |     1 |       ||     1
Armor: Leather armour    |    47 |    37 |    20 |       ||   104
       Chain mail        |       |       |    88 |    18 ||   106
       Skin              |       |       |       |     2 ||     2
Dodge: Dodged            |    61 |    55 |    72 |    11 ||   199
